 Dungeon Sprint DCSS version 0.31-a0-806-g0bc164a743 (webtiles) character file.

Game seed: 3277210945381829538

132 sircluck the Ruffian (level 4, -1/50 HPs)
             Began as a Troll Berserker on Sept 21, 2023.
             Was a Priest of Trog.
             Slain by a deep elf pyromancer
             ... wielding a +1 long sword of holy wrath
              (9 damage)
             ... in the Dungeon (Sprint III: "The Ten Rune Challenge").
             The game lasted 00:01:06 (136 turns).

sircluck the Ruffian (Troll Berserker)               Turns: 136, Time: 00:01:07

Health: -1/50      AC:  4    Str: 27    XL:     4   Next: 92%
Magic:  3/3        EV: 11    Int:  3    God:    Trog [***...]
Gold:   31         SH:  0    Dex:  9    Spells: 3/3 levels left

rFire   . .          .
                       - Unarmed
rCold   . . .        (no shield)
rNeg    . . .        a - +0 animal skin
rPois   .            (helmet restricted)
rElec   .            (no cloak)
rCorr   .            (gloves unavailable)
SInv    .            (boots unavailable)
Will    +....        (no amulet)
Stlth   +            (no ring)
HPRegen 1.08/turn    (no ring)
MPRegen 0.08/turn

%: no teleportation, clarity
@: no status effects
A: large, unfitting armour, claws 3, regeneration 1, shaggy fur 1, tough skin 1,
horns 1, clarity, strong-willed 1
a: Renounce Religion, Berserk, Trog's Hand


You were in the Dungeon.
You worshipped Trog.
Trog was most pleased with you.
You visited 1 branch You collected 31 gold pieces.

Inventory:

Armour
 a - a +0 animal skin (worn)
Scrolls
 g - a scroll of blinking
 i - a scroll of immolation {unknown}
 j - 2 scrolls of identify {unknown}
 k - 3 scrolls of torment {unknown}
Potions
 b - a potion of curing
 c - 3 potions of heal wounds
 d - a potion of haste
 e - 2 potions of magic
 f - a potion of berserk rage
 l - 2 potions of enlightenment


   Skills:
 + Level 5.3 Fighting
 + Level 5.3 Dodging
 + Level 6.3 Unarmed Combat


You had 3 spell levels left.
You didn't know any spells.
Your spell library was empty.

Dungeon Overview and Level Annotations

Branches:
Dungeon (1/1)

Altars:
Elyvilon
Zin
The Shining One


Innate Abilities, Weirdness & Mutations

You are too large for most types of armour.
You have claws for hands.
Your natural rate of healing is unusually fast.
You are covered in fur. (AC +1)
You have tough skin. (AC +1)
You have a pair of small horns on your head.
You possess an exceptional clarity of mind.
You are strong-willed. (Will+)


Message History

There is an open door to the Ecumenical Temple, spattered with blood here.
You open the door.
Found three altars.
A deep elf pyromancer comes into view.
It is wielding a +1 long sword of holy wrath.
Found a potion of heal wounds.
The deep elf pyromancer shouts!
There is an open door here.
You miss the deep elf pyromancer. You mangle the deep elf pyromancer!!
You headbutt the deep elf pyromancer, but do no damage.
The deep elf pyromancer is heavily wounded.
The deep elf pyromancer gestures wildly while chanting.
You mangle the deep elf pyromancer!!
The deep elf pyromancer is almost dead.
The deep elf pyromancer casts a spell at you.
The bolt of fire hits you!!
You completely miss the deep elf pyromancer.
The deep elf pyromancer is almost dead.
The deep elf pyromancer gestures wildly while chanting.
The deep elf pyromancer blinks!
The fire elemental hits you. The fire elemental burns you!
You are too injured to fight recklessly!
You are too injured to fight recklessly!
You are too injured to fight recklessly!
You are too injured to fight recklessly!
You are too injured to fight recklessly!
You are too injured to fight recklessly!
You are too injured to fight recklessly!
You are too injured to fight recklessly!
You are too injured to fight recklessly!
You are too injured to fight recklessly!
You are too injured to fight recklessly!
You are too injured to fight recklessly!
You closely miss the deep elf pyromancer.
The deep elf pyromancer is almost dead.
The fire elemental barely misses you. The fire elemental hits you.
The fire elemental burns you!
* * * LOW HITPOINT WARNING * * *
The deep elf pyromancer hits you with a +1 long sword of holy wrath!
You die...

▓▓▓▓▓▓▓ ▓▓▓ .'....♣♣♣
♣.##### .#......♣
♣.#_☼○# ##.....♣♣
♣♣.#°EE#
.#....~.♣♣♣..###@#+###+#
.#...~†♣..♣..#..e.......
(#..~~~~♣..♣.'.⌠........
'#..~≈≈~~~...#...######+
†#.~~≈~~~....#.⌠.#
.#.~≈~~~.....#...#
.#.~~~.......#+###
##...........#
......†......#


You could see a deep elf pyromancer and 2 fire elementals.

Vanquished Creatures
  A water elemental (D)
  A scorpion (D)
  A human (D)
  4 rats (D)
7 creatures vanquished.

Notes
Turn   | Place    | Note
-------+----------+-------------------------------------------
     0 | D        | sircluck the Troll Berserker began the quest for the Orb.
     0 | D        | Reached XP level 1. HP: 22/22 MP: 0/0
    15 | D        | Reached ** piety under Trog
    44 | D        | Reached skill level 4 in Unarmed Combat
    44 | D        | Reached XP level 2. HP: 31/31 MP: 1/1
    45 | D        | Noticed a scorpion
    52 | D        | Killed a scorpion
    53 | D        | Reached skill level 5 in Unarmed Combat
    53 | D        | Reached XP level 3. HP: 40/40 MP: 2/2
    53 | D        | Reached XP level 4. HP: 49/49 MP: 3/3
    71 | D        | Gained mutation: Your body sometimes deteriorates upon
                  | taking damage. [potion of mutation]
    71 | D        | Gained mutation: You have sharp toenails. [potion of
                  | mutation]
    71 | D        | Gained mutation: Your mind is acute. (Int +4, Str/Dex -1)
                  | [potion of mutation]
    71 | D        | Gained mutation: You have a pair of small horns on your
                  | head. [potion of mutation]
    72 | D        | Lost mutation: Your mind is acute. (Int +4, Str/Dex -1)
                  | [potion of mutation]
    72 | D        | Lost mutation: You have a pair of small horns on your head.
                  | [potion of mutation]
    72 | D        | Gained mutation: You are partially covered in iridescent
                  | scales. (AC +2) [potion of mutation]
    72 | D        | Gained mutation: You are clumsy. (Dex -2) [potion of
                  | mutation]
    72 | D        | Gained mutation: You possess an exceptional clarity of
                  | mind. [potion of mutation]
    73 | D        | Lost mutation: You possess an exceptional clarity of mind.
                  | [potion of mutation]
    73 | D        | Lost mutation: You have sharp toenails. [potion of
                  | mutation]
    73 | D        | Lost mutation: You are partially covered in iridescent
                  | scales. (AC +2) [potion of mutation]
    73 | D        | Gained mutation: You occasionally shout uncontrollably at
                  | your foes. [potion of mutation]
    73 | D        | Gained mutation: You passively dampen the noise of your
                  | surroundings. [potion of mutation]
    73 | D        | Gained mutation: You are partially covered in iridescent
                  | scales. (AC +2) [potion of mutation]
    74 | D        | Lost mutation: You are partially covered in iridescent
                  | scales. (AC +2) [potion of mutation]
    74 | D        | Lost mutation: Your body sometimes deteriorates upon taking
                  | damage. [potion of mutation]
    75 | D        | Lost mutation: You occasionally shout uncontrollably at
                  | your foes. [potion of mutation]
    75 | D        | Lost mutation: You are clumsy. (Dex -2) [potion of
                  | mutation]
    75 | D        | Lost mutation: You passively dampen the noise of your
                  | surroundings. [potion of mutation]
    75 | D        | Gained mutation: You have sharp toenails. [potion of
                  | mutation]
    75 | D        | Gained mutation: You are vulnerable to heat. (rF-) [potion
                  | of mutation]
    75 | D        | Gained mutation: You are dopey. (Int -2) [potion of
                  | mutation]
    75 | D        | Lost mutation: You are dopey. (Int -2) [potion of mutation]
    76 | D        | Lost mutation: You have sharp toenails. [potion of
                  | mutation]
    76 | D        | Lost mutation: You are vulnerable to heat. (rF-) [potion of
                  | mutation]
    76 | D        | Gained mutation: You have a pair of small horns on your
                  | head. [potion of mutation]
    76 | D        | Gained mutation: You possess an exceptional clarity of
                  | mind. [potion of mutation]
    76 | D        | Gained mutation: You are strong-willed. (Will+) [potion of
                  | mutation]
    91 | D        | Noticed a water elemental
    99 | D        | Killed a water elemental
    99 | D        | Reached *** piety under Trog
   100 | D        | Reached skill level 5 in Fighting
   100 | D        | Reached skill level 5 in Dodging
   100 | D        | Reached skill level 6 in Unarmed Combat
   130 | D        | Found a glowing silver altar of Zin.
   130 | D        | Found a glowing golden altar of the Shining One.
   130 | D        | Found a white marble altar of Elyvilon.
   131 | D        | Noticed a deep elf pyromancer
   134 | D        | Noticed a fire elemental
   134 | D        | Noticed a fire elemental
   136 | D        | Slain by a deep elf pyromancer

Illustrated notes

Levels and vault maps discovered:
D:        dungeon_sprint_mu [sprint_mu_entry_forest, sprint_mu_temple_rooms,
          sprint_mu_d1_spiders, sprint_mu_d2_genie, sprint_mu_d3_branching,
          sprint_mu_orc_legion, sprint_mu_elf_gauntlet, sprint_mu_hive_nellie,
          sprint_mu_lair_fedhas, sprint_mu_vaults_butterflies,
          sprint_mu_slime_circle, sprint_mu_shoals_kraken,
          sprint_mu_snake_twists, sprint_mu_blade_basic,
          sprint_mu_crypt_chambers, sprint_mu_tomb_spiral,
          sprint_mu_vestibule_basic, sprint_mu_gehenna_hellfire,
          sprint_mu_dis_giant, sprint_mu_tartarus_statrot,
          sprint_mu_cocytus_islands, sprint_mu_zot1]

Skill      XL: |  1  2  3  4 |
---------------+-------------+-----
Fighting       | 3 4 5 |  5.3
Dodging        | 3 4 5 |  5.3
Unarmed Combat | 4 5 6 |  6.3

Action                     |  1- 3 |  4- 6 || total
---------------------------+-------+-------++-------
  Melee: Unarmed           |    20 |    11 ||    31
         Headbutt          |       |     2 ||     2
    Use: Potion            |       |     6 ||     6
 Armour: Animal skin       |     9 |     9 ||    18
  Dodge: Dodged            |     8 |     3 ||    11

Table legend: (Time is in decaauts)
 A = Elapsed time spent in this place.
 B = Non-inter-level travel time spent in this place.
 C = Inter-level travel time spent in this place.
 D = Time resting spent in this place.
 E = Time spent auto-exploring this place.
 F = Levels seen in this place.
 G = Mean time per level.
                   A        B        C        D        E       F      G
               +--------+--------+--------+--------+--------+-----+--------+
         Total |    133 |    133 |      0 |      0 |     81 |   1 |  133.0 |
       Dungeon |    133 |    133 |      0 |      0 |     81 |   1 |  133.0 |
               +--------+--------+--------+--------+--------+-----+--------+

Top non-repeatable levels by time:
       D: 133 daAuts
